 Dungeon Crawl Stone Soup version 0.31.0-9-g3a7656b989 (webtiles) character file.

Game seed: 4718260387296668319

7732 Peloso the Carver (level 11, -9/97 HPs)
             Began as a Minotaur Fighter on Jan 27, 2024.
             Was a Believer of Okawaru.
             Mangled by a boulder beetle (19 damage)
             ... on level 10 of the Dungeon.
             The game lasted 00:19:09 (11033 turns).

Peloso the Carver (Minotaur Fighter)               Turns: 11033, Time: 00:19:10

Health: -9/97      AC: 20    Str: 20    XL:     11   Next: 0%
Magic:  7/10       EV:  9    Int:  5    God:    Okawaru [**....]
Gold:   394        SH: 14    Dex: 15    Spells: 10/10 levels left

rFire   . . .        a - +2 long sword (freeze)
rCold   . . .        d - +0 kite shield
rNeg    . . .        A - +0 plate armour {rPois}
rPois   +            l - +2 hat
rElec   .            k - +0 cloak
rCorr   .            (no gloves)
SInv    .            (no boots)
Will    +....        (no amulet) Stlth
                     K - ring of willpower
HPRegen 0.36/turn    (no ring)
MPRegen 0.12/turn

%: no passive effects
@: heroic
A: horns 2, retaliatory headbutt
a: Renounce Religion, Heroism


You were on level 10 of the Dungeon.
You worshipped Okawaru.
Okawaru was pleased with you.
You visited 2 branches of the dungeon, and saw 12 of its levels.

You collected 526 gold pieces.
You spent 132 gold pieces at shops.

Inventory:

Hand Weapons
 a - a +2 long sword of freezing (weapon)
 b - a +2 hand axe of flaming
Missiles
 P - a throwing net (quivered)
Armour
 c - a +0 buckler
 d - a +0 kite shield (worn)
 i - a +1 scale mail of cold resistance
 k - a +0 cloak (worn)
 l - a +2 hat (worn)
 A - a +0 plate armour of poison resistance (worn)
 I - a +2 scale mail of fire resistance
Jewellery
 v - a ring of wizardry
 y - an amulet of faith
 K - a ring of willpower (left hand)
 L - a ring of wizardry
 M - a ring of willpower
Wands
 o - a wand of digging (6)
 t - a wand of light (8)
 u - a wand of flame (41)
 z - a wand of mindburst (14)
 H - a wand of paralysis (5)
Scrolls
 f - 2 scrolls of immolation {unknown}
 h - a scroll of poison {unknown}
 j - 2 scrolls of fear {unknown}
 n - 4 scrolls of teleportation {unknown}
 p - 3 scrolls of amnesia {unknown}
 q - 2 scrolls of revelation {unknown}
 C - a scroll of summoning {unknown}
 D - 4 scrolls of silence {unknown}
 E - a scroll of vulnerability {unknown}
 F - 2 scrolls of fog {unknown}
 G - 4 scrolls of identify
Potions
 e - 3 potions of might
 g - a potion of resistance {unknown}
 m - 2 potions of invisibility
 r - a potion of magic
 s - a potion of curing
 w - 3 potions of enlightenment {unknown}
 x - a potion of attraction {unknown}
 B - 2 potions of heal wounds {unknown}
 J - a potion of lignification {unknown}
 N - a potion of haste {unknown}
Miscellaneous
 O - a phial of floods


   Skills:
 + Level 9.0(14.0) Fighting
 + Level 12.4(17.4) Long Blades
 + Level 10.0(15.0) Armour
 + Level 1.9(6.9) Dodging
 + Level 0.5(5.5) Stealth
 + Level 10.8(15.8) Shields
 + Level 0.1 Invocations
 + Level 0.1 Evocations


You had 10 spell levels left.
You didn't know any spells.
Your spell library contained the following spells:

 Spells                   Type           Power      Damage    Failure   Level
 Kiss of Death            Conj/Necr      0%         2d5       100%        1
 Magic Dart               Conj           0%         1d3       100%        1
 Blink                    Tloc           0%         N/A       100%        2
 Cigotuvi's Dreadful Rot  Necr/Alch/Air  0%         N/A       100%        2
 Lesser Beckoning         Tloc           0%         N/A       100%        2
 Momentum Strike          Conj/Tloc      0%         3d8       100%        2
 Confusing Touch          Hex            0%         N/A       100%        3
 Gell's Gravitas          Tloc           0%         N/A       100%        3
 Teleport Other           Tloc           0%         N/A       100%        3
 Dispel Undead            Necr           0%         3d6       100%        4
 Ignite Poison            Fire/Alch      0%         N/A       100%        4
 Freezing Cloud           Conj/Ice/Air   0%         6-21      100%        5
 Call Imp                 Summ           Unusable   N/A       N/A         2

Dungeon Overview and Level Annotations

Branches:
Dungeon (11/15)            Temple (1/1) D:5            Lair (0/5) D:8
    Orc (0/2) D:11

Altars:
Ashenzari
Cheibriados
Dithmenos
Elyvilon
Fedhas
Gozag
Hepliaklqana
Kikubaaqudgha
Makhleb
Nemelex Xobeh
Okawaru
Qazlal
Ru
Sif Muna
Trog
Uskayaw
Vehumet
Wu Jian
Xom
Yredelemnul
Zin
The Shining One

Shops:
D:1 (   D:2 *   D:5 =   D:11 [


Innate Abilities, Weirdness & Mutations

You have a pair of horns on your head.
You reflexively headbutt those who attack you in melee.


Message History

You hit the boulder beetle but do no damage.
The boulder beetle is moderately wounded.
The boulder beetle leaps!
You feel better.
The boulder beetle curls into a ball and begins rolling!
You feel better.
Okay, then.
You hit the boulder beetle but do no damage.
You headbutt the boulder beetle!
The boulder beetle is moderately wounded.
You block the boulder beetle's attack.
The boulder beetle stops rolling and uncurls.
Unknown command.
You hit the boulder beetle but do no damage.
You headbutt the boulder beetle, but do no damage.
The boulder beetle is moderately wounded.
The boulder beetle bites you but does no damage.
Unknown command.
You hit the boulder beetle. You freeze the boulder beetle.
The boulder beetle is heavily wounded.
The boulder beetle bites you!
* * * LOW HITPOINT WARNING * * *
You slash the boulder beetle! You freeze the boulder beetle.
You headbutt the boulder beetle.
The boulder beetle is severely wounded.
The boulder beetle bites you but does no damage.
You slash the boulder beetle! You freeze the boulder beetle.
The boulder beetle is severely wounded.
The boulder beetle bites you!
* * * LOW HITPOINT WARNING * * *
You feel better.
The boulder beetle bites you but does no damage.
You feel better. You block the boulder beetle's attack.
You gain the combat prowess of a mighty hero.
The boulder beetle bites you!!
* * * LOW HITPOINT WARNING * * *
You feel better. The boulder beetle bites you.
* * * LOW HITPOINT WARNING * * *
You feel better. The boulder beetle bites you!!
You die...

..........#...........#.........#
..........#...........#.........#
..........#...#########.........#
..........#...##)>.o......#####'#
....##+####....))###......#......
#####....#.....#.# #......#......
.........#.....#.###......#......
.........#.....#..........#......
.........#.(...#@B....###.#......
...###'#########..........#......
...#......# #.....#######......
...#.###..# #.....#....##......
####.# #..# #.....#............
####.# #..# #.....#............
...#.# #..# #.....#.........<..
..%'.# #..#####.....#######......
..[#.###..................#......


You could see a boulder beetle.

Vanquished Creatures
  Gastronok (D:8)
  A two-headed ogre (D:10)
  A gargoyle (D:10)
  A hornet (D:7)
  A troll (D:8)
  6 yaks (D:9)
  A wraith (D:9)
  2 wyverns
  2 vampire mosquitoes
  A steam dragon (D:7)
  A water moccasin (D:7)
  2 orc warriors
  4 wolves (D:8)
  2 ogres
  2 centaurs
  A phantom (D:5)
  A kobold brigand (D:9)
  3 bullfrogs
  2 scorpions
  2 gnoll sergeants
  7 wights
  6 howler monkeys
  2 electric eels (D:8)
  2 bombardier beetles
  5 orc priests
  10 hounds
  2 jellies (D:7)
  A gnoll bouda (D:6)
  Terence (D:2)
  17 orc wizards
  2 sleepcaps
  Robin (D:4)
  18 gnolls
  8 adders
  3 shadow imps
  2 white imps
  4 ufetubi
  2 dart slugs
  2 ribbon worms
  45 orcs
  10 ball pythons
  10 endoplasms
  2 giant cockroaches
  14 goblins
  9 hobgoblins
  4 jackals (D:1)
  5 quokkas
  5 bats
  2 frilled lizards
  11 kobolds
  3 rats
252 creatures vanquished.

Vanquished Creatures (others)
  2 orcs (D:7)
2 creatures vanquished.

Grand Total: 254 creatures vanquished

Notes
Turn   | Place    | Note
-------+----------+-------------------------------------------
     0 | D:1      | Peloso the Minotaur Fighter began the quest for the Orb.
     0 | D:1      | Reached XP level 1. HP: 19/19 MP: 0/0
   192 | D:1      | Reached XP level 2. HP: 26/27 MP: 1/1
   383 | D:1      | Found Utaameurch's Weapon Shop.
   637 | D:2      | Reached XP level 3. HP: 20/33 MP: 2/2
   832 | D:2      | Reached skill level 3 in Long Blades
   842 | D:2      | Identified the +1 robe of the Flying Gods {Str+4 Archmagi}
   970 | D:3      | Reached skill level 1 in Dodging
   981 | D:2      | Reached XP level 4. HP: 41/41 MP: 3/3
   995 | D:2      | Noticed Terence
  1003 | D:2      | Killed Terence
  1060 | D:2      | Found Duan's Assorted Antiques.
  1065 | D:2      | Bought a bubbling emerald potion for 20 gold pieces
  1065 | D:2      | Bought a fizzy black potion for 20 gold pieces
  1065 | D:2      | Bought a scroll labelled IFEOHA NONNUO for 23 gold pieces
  1065 | D:2      | Bought a scroll labelled HOGIOPHENT for 23 gold pieces
  1496 | D:2      | Bought a scroll labelled LEEMEUCZYI for 23 gold pieces
  1496 | D:2      | Bought a scroll labelled LIBBIG WEKOMOB for 23 gold pieces
  1545 | D:3      | Reached XP level 5. HP: 13/47 MP: 4/4
  1677 | D:3      | Reached skill level 4 in Long Blades
  2499 | D:3      | Found a bloodstained altar of Trog.
  2598 | D:4      | Reached skill level 5 in Shields
  2598 | D:4      | Reached XP level 6. HP: 55/55 MP: 5/5
  2605 | D:4      | Reached skill level 5 in Fighting
  2665 | D:4      | Reached skill level 5 in Long Blades
  2742 | D:4      | Found a broken altar of Ashenzari.
  2990 | D:4      | Noticed Robin
  3007 | D:4      | Killed Robin
  3011 | D:4      | Reached skill level 5 in Armour
  3116 | D:4      | Found a sparkling altar of Nemelex Xobeh.
  3116 | D:4      | Found a glowing silver altar of Zin.
  3120 | D:4      | Found a shimmering altar of Xom.
  3511 | D:5      | Entered Level 5 of the Dungeon
  3773 | D:5      | Reached XP level 7. HP: 61/61 MP: 6/6
  4135 | D:5      | Found Muvuuf's Jewellery Shoppe.
  4238 | D:5      | Reached skill level 6 in Long Blades
  4371 | D:5      | Found a staircase to the Ecumenical Temple.
  4380 | Temple   | Entered the Ecumenical Temple
  4734 | D:5      | Found a stormy altar of Qazlal.
  4960 | D:6      | Found a snail-covered altar of Cheibriados.
  4990 | D:5      | Reached skill level 7 in Long Blades
  4990 | D:5      | Reached XP level 8. HP: 54/70 MP: 7/7
  5817 | D:6      | Found a radiant altar of Vehumet.
  6025 | D:6      | Reached skill level 8 in Long Blades
  6543 | D:7      | Noticed a +0 falchion
  6543 | D:7      | Noticed a +0 spear
  6543 | D:7      | Noticed a +0 spear
  6544 | D:7      | Noticed a +0 short sword
  6544 | D:7      | Noticed a +0 dagger
  6969 | D:7      | Noticed a +0 short sword
  6970 | D:7      | Noticed a +0 dagger
  6971 | D:7      | Noticed a +0 falchion
  7006 | D:7      | Reached XP level 9. HP: 79/79 MP: 8/8
  7239 | D:7      | Found a hide-covered altar of Uskayaw.
  7330 | D:7      | Paralysed by a hornet for 2 turns
  7608 | D:8      | Noticed Gastronok
  7724 | D:8      | Killed Gastronok
  7725 | D:8      | Reached skill level 9 in Long Blades
  7946 | D:8      | Found an iron altar of Okawaru.
  7965 | D:8      | Became a worshipper of Warmaster Okawaru
  8075 | D:8      | Found a staircase to the Lair.
  8089 | D:8      | Reached skill level 10 in Long Blades
  8099 | D:8      | Reached XP level 10. HP: 78/88 MP: 9/9
  8323 | D:8      | Reached * piety under Okawaru
  8506 | D:8      | Found a basalt altar of Yredelemnul.
  8528 | D:8      | Identified the +3 leather armour of the Worm {Rampage rElec
                  | rF+}
  8858 | D:9      | Found a burning altar of Makhleb.
  8968 | D:9      | Found a sacrificial altar of Ru.
  9044 | D:9      | Reached skill level 10 in Shields
  9161 | D:9      | Found a shadowy altar of Dithmenos.
  9266 | D:9      | Found a white marble altar of Elyvilon.
  9282 | D:9      | Reached skill level 11 in Long Blades
  9833 | D:9      | Found an opulent altar of Gozag.
  9947 | D:10     | Entered Level 10 of the Dungeon
  9947 | D:10     | Noticed a gargoyle
  9960 | D:10     | Killed a gargoyle
  9960 | D:10     | Reached ** piety under Okawaru
 10058 | D:10     | Reached skill level 12 in Long Blades
 10702 | D:10     | Identified the serpent talisman of Maduudizon {*Slow rC++
                  | rCorr Int+3}
 10974 | D:11     | Found Tosoiwil's Armour Boutique.
 10975 | D:11     | Noticed a boulder beetle
 10977 | D:11     | Found a staircase to the Orcish Mines.
 10981 | D:11     | Noticed a two-headed ogre
 11009 | D:10     | Killed a two-headed ogre
 11010 | D:10     | Reached skill level 10 in Armour
 11010 | D:10     | Reached XP level 11. HP: 38/97 MP: 6/10
 11028 | D:10     | HP: 4/97 [boulder beetle (13)]
 11033 | D:10     | Mangled by a boulder beetle

Illustrated notes

Levels and vault maps discovered:
D:1:      lemuel_arrival_tunnels, layout_rooms, serial_shops,
          nicolae_shop_hallway_plus, nicolae_titane
D:2:      cheibrodos_pilgrimage, layout_rooms, serial_shops,
          nicolae_shop_rolling_square, minmay_misc_feat_plants, uniq_terence
D:3:      layout_loops_corners, trog_hazing_becter
D:4:      layout_loops_ring, ashenzari_conservatory_becter, minitemple,
          uniq_robin
D:5:      layout_basic, mainiacjoe_overflow_brackets, minmay_temple_entry_grid,
          serial_shops, shop
D:6:      minmay_flawed_box, layout_basic, cheibriados_altar_1,
          vehumet_crystals, serial_demonic, serial_demonic_g, serial_demonic_c,
          serial_demonic_b, serial_demonic_c
D:7:      layout_gridville, nicolae_uskayaw_en_pointe, minmay_hedge_maze
D:8:      layout_basic, mainiacjoe_overflow_cross_hatched,
          mainiacjoe_overflow_six_doors_small, erik_lair_island, uniq_gastronok
D:9:      layout_loops_ring, lightli_temple_of_fire, old_standard_altar,
          nicolae_gozag_cash_rules_everything_around_me,
          mainiacjoe_overflow_catwalk, mainiacjoe_overflow_small_starburst
D:10:     layout_stronghold
D:11:     dreamdust_isle_of_ice, layout_irregular_city, orc_david_3,
          trove_entry_hex_spiral, nicolae_specific_store,
          dreamdust_wishing_well, hex_medium, st_stairs_13,
          minmay_sticks_and_stones
Temple:   hellmonk_temple_micro_hex

Skill      XL: |  1  2  3  4  5  6  7  8  9 10 |
---------------+-------------------------------+-----
Shields        | 4 5 6 7 9 10 | 10.8
Fighting       | 4 5 6 7 9 |  9.0
Long Blades    | 3 4 5 7 8 10 12 | 12.4
Dodging        | 1 |  1.9
Armour         | 4 5 6 7 9 10 | 10.0
Stealth        | |  0.5
Invocations    | |  0.1
Evocations     | |  0.1

Action                     |  1- 3 |  4- 6 |  7- 9 | 10-12 || total
---------------------------+-------+-------+-------+-------++-------
  Melee: Long sword        |    89 |   211 |   382 |   251 ||   933
         Headbutt          |    10 |    36 |   106 |    62 ||   214
  Throw: Throwing net      |       |       |       |     1 ||     1
 Invoke: Heroism           |       |       |       |     4 ||     4
  Evoke: Wand              |       |       |     3 |     5 ||     8
    Use: Potion            |     2 |       |     1 |     6 ||     9
         Scroll            |       |       |     4 |       ||     4
   Stab: Held in net/web   |       |       |       |     1 ||     1
 Armour: Scale mail        |   113 |     2 |       |       ||   115
         Chain mail        |       |   167 |       |       ||   167
         Plate armour      |       |     2 |   330 |   188 ||   520
  Dodge: Dodged            |    64 |    66 |    77 |    46 ||   253
  Block: Buckler           |     7 |       |       |       ||     7
         Kite shield       |    52 |   132 |   223 |   158 ||   565
